 Dungeon Crawl Stone Soup version 0.17-a0-1687-g01fd01a (webtiles) character file.

85691 TheBeardedClam the Peltast (level 15, -5/152 HPs)
             Began as a Minotaur Fighter on Aug 19, 2015.
             Was a High Priest of Okawaru.
             Killed by Shatter
             ... invoked by Jorgrun
              (88 damage)
             ... on level 2 of the Spider Nest.
             The game lasted 01:10:54 (18920 turns).

TheBeardedClam the Peltast (Minotaur Fighter)      Turns: 18920, Time: 01:10:59

Health: -5/152     AC: 19    Str: 27    XL:     15   Next: 38%
Magic:  28/28      EV:  2    Int:  7    God:    Okawaru [*****.]
Gold:   1673       SH:  0    Dex: 15    Spells: 0 memorised, 14 levels left

rFire  + + .     SeeInvis .     i - +6 scimitar (flame)
rCold  + . .     Clarity  .     C - +0 scale mail of the Vacuum {rElec Str+6}
rNeg   + + +     SustAt   .     T - +1 large shield {rPois}
rPois  ∞         Gourm    .     g - +2 hat
rElec  +         Spirit   .     X - +1 cloak
rCorr  .         Warding  .     y - +0 pair of gloves {Str+3}
rMut   .         Stasis   .     L - +0 pair of boots "Zoci" {rF++ MP+9 Str-4 Slay+3}
MR     +....                    f - amulet of regeneration
Stlth  ..........               E - ring of protection from cold
                                u - +5 ring of protection

@: confused, petrified, somewhat resistant to hostile enchantments, extremely
unstealthy
A: retaliatory headbutt, horns 2, agile 1, deformed body, robust 1
a: Heroism, Finesse, Renounce Religion


You were on level 2 of the Spider Nest.
You worshipped Okawaru.
Okawaru was extremely pleased with you.
You were not hungry.

You visited 4 branches of the dungeon, and saw 22 of its levels.
You also visited: Ice Cave.

You collected 1673 gold pieces.

Inventory:

Hand weapons
 c - the +9 Sword of Zonguldrok {reap, *Curse}
   (Okawaru gifted it to you on level 1 of the Spider Nest)

   If a monster killed with it leaves a corpse in good enough shape, the corpse
   will be animated as a zombie friendly to the killer.
   It may re-curse itself when equipped.
 i - a +6 scimitar of flaming (weapon)
 F - a +4 double sword
Armour
 g - a +2 hat (worn)
 w - a +0 pair of gloves
 y - a +0 pair of gloves of strength (worn)
 C - the +0 scale mail of the Vacuum (worn) {rElec Str+6}
   (You found it on level 7 of the Dungeon)

   It affects your strength (+6).
   It insulates you from electricity.
 L - the +0 pair of boots "Zoci" (worn) {rF++ MP+9 Str-4 Slay+3}
   (Okawaru gifted it to you in an ice cave)

   It affects your strength (-4).
   It affects your accuracy and damage with ranged weapons and melee attacks
   (+3).
   It greatly protects you from fire.
   It affects your magic capacity (+9).
 O - a +0 pair of boots of flying
 T - a +1 large shield of poison resistance (worn)
 U - the +2 pair of boots "Hero's Friend" {rElec}
   (Okawaru gifted it to you on level 2 of the Lair of Beasts)

   It insulates you from electricity.
 X - a +1 cloak (worn)
Jewellery
 f - an amulet of regeneration (around neck)
 l - an uncursed amulet of resist corrosion
 m - an uncursed amulet of faith
 u - a +5 ring of protection (left hand)
 E - a ring of protection from cold (right hand)
 J - an uncursed ring of see invisible
 S - an uncursed ring of protection from cold
 Z - a +2 ring of strength
Magical devices
 a - a wand of paralysis (6)
 b - a wand of enslavement (17)
 p - a wand of paralysis (16)
 t - a wand of teleportation (4)
 v - a wand of magic darts (10)
 z - a wand of paralysis (10)
 A - a wand of digging (15)
 H - a wand of confusion (23)
 M - a wand of flame (21)
Scrolls
 k - 5 scrolls of remove curse
 q - 6 scrolls of magic mapping
 x - 3 scrolls of fear
 D - 8 scrolls of teleportation
 P - 2 scrolls of blinking
 R - a scroll of silence {unknown}
 W - 5 scrolls of identify
 Y - 3 scrolls of fog
Potions
 h - 7 potions of ambrosia
 n - 7 potions of curing
 B - a potion of might
 K - 2 potions of resistance
 N - a potion of heal wounds
 Q - 2 potions of agility
 V - 4 potions of flight
Books
 G - a book of Minor Magic

   Spells                             Type                      Level
   a - Magic Dart                     Conjuration                  1
   b - Blink                          Translocation                2
   c - Call Imp                       Summoning                    2
   d - Repel Missiles                 Charms/Air                   2
   e - Slow                           Hexes                        2
   f - Conjure Flame                  Conjuration/Fire             3
   g - Mephitic Cloud                 Conjuration/Poison/Air       3
Miscellaneous
 I - a phial of floods
Comestibles
 d - 8 beef jerkies
 e - 15 bread rations
 j - 2 royal jellies
 o - 7 fruits
 r - 4 slices of pizza
 s - 9 meat rations


   Skills:
 + Level 14.6 Fighting
 + Level 14.3 Long Blades
 - Level 12.3 Armour
 - Level 13.6 Dodging
 + Level 15.3 Shields
 - Level 7.0 Invocations
 - Level 1.0 Evocations


You had 14 spell levels left.
You didn't know any spells.

Dungeon Overview and Level Annotations

Branches:
Dungeon (11/15)            Temple (1/1) D:7            Lair (8/8) D:11
 Shoals (0/4) Lair:3       Spider (2/4) Lair:5        Slime (0/6) Lair:8
    Orc (0/4) D:10

Altars:
Ashenzari
Cheibriados
Dithmenos
Elyvilon
Fedhas
Gozag
Kikubaaqudgha
Makhleb
Nemelex Xobeh
Okawaru
Qazlal
Ru
Sif Muna
Trog
Vehumet
Xom
Yredelemnul
Zin
The Shining One
Beogh

Shops:
D:11 *

Annotations:
Spider:2 Jorgrun


Innate Abilities, Weirdness & Mutations

You reflexively headbutt those who attack you in melee.
You have a pair of horns on your head.
You are agile. (Dex +2)
Armour fits poorly on your strangely shaped body.
You are robust (+10% HP).


Message History

The tarantella bites you.
The tarantella bites you but does no damage. x2
Jorgrun hits you with a staff of earth! The tarantella bites you.
You are more confused.
The tarantella bites you.
You are more confused.
The tarantella bites you. Jorgrun hits you but does no damage.
The tarantella bites you. The tarantella bites you.
You are more confused.
The tarantella bites you but does no damage.
Jorgrun hits you with a staff of earth. The tarantella bites you.
The tarantella bites you but does no damage.
The tarantella bites you.
The tarantella bites you but does no damage.
Jorgrun casts a spell.
The dungeon rumbles around Jorgrun!
You shudder from the earth-shattering force.
Ouch! That really hurt!
You die...

.. ... #...
## ## ##...#
#.. .#.....#
...##
.......#
#..##.......
#..g..#
#.@s.##
#^.s##
#..$.#
#.#..#
.##### ..
#.. ##


You could see Jorgrun and 2 tarantellas.

Vanquished Creatures
  Arachne (Spider:1)
  Rupert (Lair:6)
  Maud (Lair:6)
  A white draconian (IceCv)
  4 hydras
  11 death yaks
  A fire crab (Lair:8)
  4 hill giants
  An ice statue (IceCv)
  The ghost of ifoci the Chopper, an experienced GrFi of Makhleb (D:6)
  Pikel (D:6)
  2 lindwurms
  3 orb spiders (Spider:1)
  A manticore (Lair:3)
  4 wolf spiders
  A griffon (Lair:3)
  An ugly thing (D:11)
  11 elephants
  3 black mambas
  A hornet (Spider:2)
  4 torpor snails
  6 komodo dragons
  18 spiny frogs
  A fire drake (Lair:8)
  The ghost of ifoci the Covered, an experienced GrFi (D:5)
  6 demonic crawlers
  A troll (D:10)
  A two-headed ogre (D:10)
  23 polar bears
  5 jumping spiders
  2 boulder beetles
  3 giant leeches (Lair:8)
  6 trapdoor spiders
  10 blink frogs
  63 yaks
  Sigmund (D:5)
  A deep elf mage (D:11)
  18 redbacks
  9 hippogriffs
  A wraith (D:10)
  A human (D:7)
  6 tarantellas
  A basilisk (Lair:4)
  A steam dragon (D:10)
  Eustachio (D:6)
  2 wyverns
  52 wolves
  12 vampire mosquitoes
  2 hungry ghosts
  13 water moccasins
  3 orc warriors
  2 wasps
  3 eyes of draining (D:9)
  2 black bears
  11 ice beasts
  4 sky beasts
  5 ogres
  A slave (D:6)
  10 porcupines
  11 spiders (Spider:1)
  4 centaurs
  12 crocodiles
  Blork the orc (D:4)
  4 big kobolds
  A wyvern zombie (D:9)
  27 giant frogs
  6 scorpions
  4 killer bees (D:8)
  An electric eel (Lair:8)
  7 wights
  6 crimson imps
  A wasp zombie (D:9)
  A centaur zombie (D:8)
  A giant frog zombie (D:9)
  8 orc priests
  2 centaur skeletons
  3 giant frog skeletons
  A gnoll shaman (D:5)
  A jelly (D:8)
  5 iguanas
  11 orc wizards
  10 hounds
  A quasit (D:9)
  8 worker ants
  20 sheep
  2 hound zombies
  3 hound skeletons
  4 worker ant zombies
  7 gnolls
  8 adders
  29 river rats
  3 shadow imps
  2 adder zombies
  5 worms
  2 adder skeletons (D:3)
  58 orcs
  5 giant cockroaches
  11 goblins
  6 hobgoblins
  17 jackals
  A quokka (D:3)
  2 ball pythons (D:2)
  4 bats
  3 giant geckos
  A giant gecko skeleton (D:5)
  A giant gecko zombie (D:9)
  4 giant newts
  30 kobolds
  2 quokka skeletons
  A quokka zombie (D:3)
  6 rats
  2 fungi (Lair:8)
742 creatures vanquished.

Vanquished Creatures (others)
  A redback (Spider:2)
  A yak (IceCv)
  5 wolves (IceCv)
  7 fungi
  7 plants
21 creatures vanquished.

Grand Total: 763 creatures vanquished

Notes
Turn   | Place    | Note
--------------------------------------------------------------
     0 | D:1      | TheBeardedClam the Minotaur Fighter began the quest for the Orb.
     0 | D:1      | Reached XP level 1. HP: 19/19 MP: 0/0
    30 | D:1      | Reached skill level 4 in Fighting
   322 | D:1      | Reached XP level 2. HP: 24/27 MP: 1/1
   826 | D:2      | Found a radiant altar of Vehumet.
  1061 | D:2      | Reached XP level 3. HP: 35/35 MP: 2/2
  1276 | D:2      | Reached skill level 5 in Fighting
  1580 | D:3      | Reached XP level 4. HP: 21/44 MP: 3/3
  1781 | D:3      | Found an ancient bone altar of Kikubaaqudgha.
  1826 | D:3      | Found a deep blue altar of Sif Muna.
  2059 | D:3      | Reached skill level 6 in Fighting
  2059 | D:3      | Reached XP level 5. HP: 22/50 MP: 4/4
  2315 | D:3      | Found a shattered altar of Ashenzari.
  2319 | D:3      | Saw a vision of the Shoals and the Spider Nest.
  2319 | D:3      | Noticed a scorpion
  2319 | D:3      | Noticed a sea snake
  2319 | D:3      | Noticed a merfolk
  2319 | D:3      | Noticed a sea snake
  2319 | D:3      | Noticed a merfolk
  2321 | D:3      | Noticed a sea snake
  2321 | D:3      | Noticed a spider
  2322 | D:3      | Noticed a centaur
  2386 | D:3      | Noticed a trapdoor spider
  2722 | D:4      | Reached skill level 5 in Long Blades
  2729 | D:4      | Reached XP level 6. HP: 21/58 MP: 5/5
  3139 | D:4      | Reached skill level 7 in Fighting
  3155 | D:4      | Found a blossoming altar of Fedhas.
  3163 | D:4      | HP: 1/60 [orc wizard/magic dart (5)]
  3324 | D:4      | Found a shimmering altar of Xom.
  3324 | D:4      | Found a white marble altar of Elyvilon.
  3329 | D:4      | Found an opulent altar of Gozag.
  3455 | D:4      | Noticed Blork the orc
  3463 | D:4      | Killed Blork the orc
  3463 | D:4      | Reached XP level 7. HP: 55/66 MP: 6/6
  3673 | D:4      | Reached skill level 8 in Fighting
  3817 | D:5      | Entered Level 5 of the Dungeon
  3931 | D:5      | Noticed Sigmund
  3940 | D:5      | Killed Sigmund
  4103 | D:5      | Reached XP level 8. HP: 64/75 MP: 7/7
  4138 | D:5      | Reached skill level 9 in Fighting
  4453 | D:5      | Noticed ifoci's ghost (experienced GrFi)
  4463 | D:5      | Killed ifoci's ghost
  4641 | D:5      | Found a shadowy altar of Dithmenos.
  4915 | D:6      | Noticed ifoci's ghost (experienced GrFi)
  4919 | D:6      | Reached skill level 10 in Long Blades
  5123 | D:6      | Noticed Eustachio
  5132 | D:6      | Killed Eustachio
  5132 | D:6      | Reached skill level 10 in Fighting
  5210 | D:6      | Reached XP level 9. HP: 85/85 MP: 8/8
  5264 | D:6      | Killed ifoci's ghost
  5264 | D:6      | Reached skill level 11 in Long Blades
  5648 | D:6      | Noticed Pikel
  5666 | D:6      | Killed Pikel
  6059 | D:7      | Paralysed by an orc wizard for 5 turns
  6085 | D:7      | Reached skill level 12 in Long Blades
  6205 | D:7      | Got a shimmering scale mail
  6206 | D:7      | Identified the cursed +0 scale mail of the Vacuum {rElec Str+6} (You found it on level 7 of the Dungeon)
  6279 | D:7      | Found a staircase to the Ecumenical Temple.
  6324 | Temple   | Entered the Ecumenical Temple
  6693 | D:7      | Reached XP level 10. HP: 94/97 MP: 9/9
  7072 | D:8      | Found an iron altar of Okawaru.
  7079 | D:8      | Reached skill level 13 in Long Blades
  7095 | D:8      | Became a worshipper of Warmaster Okawaru
  8245 | D:9      | Acquired Okawaru's first power
  8279 | D:9      | Reached skill level 5 in Armour
  8279 | D:9      | Reached skill level 1 in Evocations
  8333 | D:9      | Gained mutation: Armour fits poorly on your strangely shaped body. [potion of mutation]
  8333 | D:9      | Gained mutation: You are robust (+10% HP). [potion of mutation]
  8333 | D:9      | Gained mutation: You are agile. (Dex +2) [potion of mutation]
  8369 | D:9      | Found a bloodstained altar of Trog.
  8520 | D:10     | Entered Level 10 of the Dungeon
  8583 | D:10     | Found a shimmering altar of Xom.
  8584 | D:10     | Found a shimmering altar of Xom.
  8584 | D:10     | Found a shimmering altar of Xom.
  8584 | D:10     | Found a shimmering altar of Xom.
  8584 | D:10     | Found a shimmering altar of Xom.
  8587 | D:10     | Found a shimmering altar of Xom.
  8617 | D:10     | Noticed a hill giant
  8625 | D:10     | Killed a hill giant
  8661 | D:10     | Found a shimmering altar of Xom.
  8788 | D:10     | Noticed a hill giant
  8825 | D:10     | Killed a hill giant
  8825 | D:10     | Reached skill level 14 in Fighting
  8920 | D:10     | Reached XP level 11. HP: 107/121 MP: 10/10
  9103 | D:10     | Reached skill level 1 in Invocations
  9153 | D:10     | Found a staircase to the Orcish Mines.
  9153 | D:10     | Noticed a hill giant
  9157 | D:10     | Killed a hill giant
  9157 | D:10     | Reached skill level 1 in Dodging
  9177 | D:10     | Found a roughly hewn altar of Beogh.
  9410 | D:11     | Noticed a hill giant
  9434 | D:11     | Killed a hill giant
  9600 | D:11     | Found a staircase to the Lair.
  9654 | D:11     | Found Ovehosm's General Store.
  9786 | D:11     | Reached skill level 5 in Shields
 10145 | Lair:1   | Entered Level 1 of the Lair of Beasts
 10454 | Lair:1   | Reached skill level 5 in Dodging
 10466 | Lair:1   | Acquired Okawaru's second power
 10776 | Lair:1   | Reached XP level 12. HP: 122/128 MP: 14/14
 10868 | Lair:1   | Reached skill level 5 in Invocations
 11365 | Lair:2   | Received a gift from Okawaru
 11371 | Lair:2   | Got a pair of warped boots {god gift}
 11377 | Lair:2   | Identified the +2 pair of boots "Hero's Friend" {rElec} (Okawaru gifted it to you on level 2 of the Lair of Beasts)
 11661 | Lair:3   | Found a staircase to the Shoals.
 11976 | Lair:3   | Reached skill level 10 in Armour
 12496 | Lair:4   | Found a frozen archway.
 12570 | IceCv    | Entered an ice cave
 13050 | IceCv    | Reached skill level 10 in Shields
 13053 | IceCv    | Reached XP level 13. HP: 108/136 MP: 16/16
 13236 | IceCv    | Noticed a white draconian
 13263 | IceCv    | Received a gift from Okawaru
 13269 | IceCv    | Killed a white draconian
 13285 | IceCv    | Got a pair of ichor-stained boots {god gift}
 13296 | IceCv    | Identified the +0 pair of boots "Zoci" {rF++ MP+9 Str-4 Slay+3} (Okawaru gifted it to you in an ice cave)
 13351 | IceCv    | Identified the Incunabulum of the Frostbite (You found it in an ice cave)
 13865 | Lair:5   | Found a hole to the Spider Nest.
 14148 | Lair:5   | Reached skill level 10 in Dodging
 14933 | Lair:6   | Received a gift from Okawaru
 15065 | Lair:6   | Noticed Rupert
 15085 | Lair:6   | Killed Rupert
 15192 | Lair:6   | Reached XP level 14. HP: 145/145 MP: 18/18
 15455 | Lair:6   | Noticed Maud
 15465 | Lair:6   | Killed Maud
 16501 | Lair:7   | Received a gift from Okawaru
 16920 | Lair:8   | Entered Level 8 of the Lair of Beasts
 16995 | Lair:8   | Found a staircase to the Slime Pits.
 17440 | Lair:8   | Identified a scroll of acquirement
 18140 | Spider:1 | Entered Level 1 of the Spider Nest
 18174 | Spider:1 | Reached XP level 15. HP: 135/151 MP: 19/19
 18195 | Spider:1 | Received a gift from Okawaru
 18663 | Spider:2 | Reached skill level 15 in Shields
 18664 | Spider:2 | Noticed Arachne
 18675 | Spider:2 | Noticed Jorgrun
 18698 | Spider:1 | Killed Arachne
 18698 | Spider:1 | Received a gift from Okawaru
 18920 | Spider:2 | Killed from afar by Jorgrun

Vault maps used:
D:1:      dpeg_arrival_morbid_curiosity
D:2:      lemuel_crystal_altar, serial_park_tiny_pond
D:3:      kiku_gazebo_pond_becter, lemuel_doored_altar, serial_undead,
          serial_undead_f, serial_undead_b, serial_undead_a, serial_undead_c,
          grunt_ashenzari_visionary
D:4:      grunt_temple_overflow_open, first_bread, uniq_blork_the_orc
D:5:      kennysheep_mini, uniq_sigmund
D:6:      uniq_eustachio, uniq_pikel
D:7:      minmay_temple_entry_junction, hangedman_abyss_or_decor_stagger,
          grunt_livestock, eino_tiny_chamber
D:8:      okawaru_metal_pillars_3, serial_park_tiny_pond
D:9:      trog_eyes_of_draining
D:10:     minmay_orc_entry_temple_large, xom_shifter_show
D:11:     lair_0_dummy, serial_shops, shop, small_statue_alley_a
Temple:   jpeg_temple_alley_garden_8
Lair:1:   beast_lair_carwin_large_2, lemuel_fruit_tree
Lair:3:   minmay_shoals_entry_beasts, wad_woods_river_01
Lair:4:   portal_ice_cave_entry_ice_beasts, infiniplex_staircase_pool
Lair:5:   boulder_quad_collide, nicolae_spider_entry_non_spiders, st_stairs_8
Lair:6:   guppyfry_lair_drakes, uniq_maud, uniq_rupert
Lair:7:   beast_lair_carwin_6
Lair:8:   minmay_lair_end_frog_pond, dpeg_slime_entry_corner,
          serial_bayou_shore_a, infiniplex_staircase_pool_2
Spider:2: nicolae_spider_stair_cavern, uniq_jorgrun, uniq_arachne
IceCv:    ice_cave_caverns_02

Action                   |  1- 3 |  4- 6 |  7- 9 | 10-12 | 13-15 || total
-------------------------+-------+-------+-------+-------+-------++-------
Melee: Long sword        |   116 |   171 |       |       |       ||   287
       Scimitar          |       |       |   259 |   677 |   924 ||  1860
Invok: Heroism           |       |       |       |     3 |     5 ||     8
       Finesse           |       |       |       |     1 |     3 ||     4
Evoke: Wand              |       |       |     2 |     1 |     2 ||     5
  Use: Potion            |     1 |     6 |     2 |     1 |     3 ||    13
       Scroll            |     4 |     5 |    11 |    11 |     9 ||    40
  Eat: Chunk             |     2 |     2 |     7 |    21 |    18 ||    50
       Bread ration      |       |     1 |     1 |       |       ||     2
       Fruit             |       |       |     1 |     2 |     3 ||     6
       Pizza             |       |       |       |     4 |     3 ||     7
